 Dungeon Crawl Stone Soup version 0.22.0-60-ga52c2fc (webtiles) character file.

4601 marrkus the Basher (level 10, -1/96 HPs)
             Began as a Deep Dwarf Fighter on Sept 10, 2018.
             Was a Believer of Elyvilon.
             Killed by divine providence
             ... invoked by an orc priest
              (12 damage)
             ... on level 10 of the Dungeon.
             The game lasted 00:49:06 (9053 turns).

marrkus the Basher (Deep Dwarf Fighter)             Turns: 9053, Time: 00:49:07

Health: -1/96      AC:  7    Str: 22    XL:     10   Next: 19%
Magic:  7/7        EV: 13    Int:  9    God:    Elyvilon [**....]
Gold:   394        SH:  9    Dex: 13    Spells: 9/9 levels left

rFire    . . .     SeeInvis .   O - +4 mace (freeze) (curse)
rCold    + + .     Gourm    .   c - +0 shield
rNeg     . . .     Faith    .   s - +1 leather armour {rC+}
rPois    .         Spirit   .   (no helmet)
rElec    .         Reflect  .   L - +0 cloak
rCorr    .         Harm     .   S - +0 pair of gloves
MR       +....                  y - +0 pair of boots
Stlth    +.........             E - amulet of the acrobat
HPRegen  0.00/turn              g - ring of protection from cold
MPRegen  0.10/turn              (no ring)

@: non-regenerating
A: damage resistance, heal wounds, sense surroundings 2, no regeneration
a: Heal Wounds, Lesser Healing, Heal Other, Divine Protection, Renounce Religion


You were on level 10 of the Dungeon.
You worshipped Elyvilon.
Elyvilon was pleased with you.
You were not hungry.

You visited 2 branches of the dungeon, and saw 11 of its levels.
You also visited: Sewer.

You collected 394 gold pieces.

Inventory:

Hand Weapons
 a - a +0 flail
 l - a +0 short sword of freezing
 m - a +3 club
 K - a +3 quarterstaff of chaos
 M - a +1 mace of protection
 O - a cursed +4 mace of freezing (weapon)
Missiles
 q - 69 stones (quivered)
 u - 25 poisoned needles
Armour
 b - a +0 scale mail
 c - a +0 shield (worn)
 s - a +1 leather armour of cold resistance (worn)
 y - a +0 pair of boots (worn)
 L - a +0 cloak (worn)
 S - a +0 pair of gloves (worn)
Jewellery
 g - a ring of protection from cold (left hand)
 E - an amulet of the acrobat (around neck)
 F - an uncursed ring of wizardry
 I - an uncursed amulet of harm {unknown}
 W - an uncursed ring of ice
Wands
 v - a wand of enslavement (6)
 A - a wand of digging (12)
 D - a wand of flame (34)
 U - a wand of scattershot (1)
Scrolls
 e - 3 scrolls of magic mapping
 i - 3 scrolls of fog
 j - 5 scrolls of teleportation
 k - 3 scrolls of identify {unknown}
 o - 5 scrolls of remove curse
 p - 2 scrolls of enchant weapon {unknown}
 t - 2 scrolls of blinking {unknown}
 x - 4 scrolls of random uselessness {unknown}
 B - a scroll of silence {unknown}
 G - a scroll of amnesia {unknown}
Potions
 d - 2 potions of might
 h - 3 potions of curing {unknown}
 n - a potion of haste {unknown}
 r - a potion of brilliance {unknown}
 w - a potion of lignification {unknown}
 z - a potion of berserk rage {unknown}
 C - a potion of magic {unknown}
 H - a potion of mutation {unknown}
 J - a potion of invisibility {unknown}
 N - a potion of heal wounds
 R - a potion of agility {unknown}
Miscellaneous
 P - a lamp of fire
 Q - a phantom mirror
 V - a lightning rod (4/4)
Comestibles
 f - 23 rations
 T - 9 chunks of flesh


   Skills:
 + Level 8.3 Fighting
 - Level 10.1 Maces & Flails
 - Level 3.2 Armour
 * Level 7.4 Dodging
 - Level 3.2 Shields
 + Level 3.1 Invocations


You had 9 spell levels left.
You didn't know any spells.
Your spell library contained the following spells:

 Spells                   Type           Power        Failure   Level  Hunger
 Beastly Appendage        Tmut           #.....       91%         1    ##.....
 Infusion                 Chrm           #...         91%         1    ##.....
 Magic Dart               Conj           #...         91%         1    ##.....
 Blink                    Tloc           N/A          97%         2    ###....
 Call Imp                 Summ           #.......     97%         2    ###....
 Shroud of Golubria       Chrm/Tloc      #.........   97%         2    ###....
 Slow                     Hex            #.......     97%         2    ###....
 Song of Slaying          Chrm           #.......     97%         2    ###....
 Sticks to Snakes         Tmut           #.......     97%         2    ###....
 Conjure Flame            Conj/Fire      #.......     100%        3    ####...
 Mephitic Cloud           Conj/Pois/Air  #.......     100%        3    ####...
 Spectral Weapon          Hex/Chrm       #.......     100%        3    ####...
 Spider Form              Tmut/Pois      #.........   100%        3    ####...
 Ice Form                 Ice/Tmut       #.......     100%        4    #####..
 Blade Hands              Tmut           #.........   100%        5    ######.
 Regeneration             Chrm/Necr      Unusable     N/A         3    N/A

Dungeon Overview and Level Annotations

Branches:
Dungeon (10/15)            Temple (1/1) D:5
   Lair: D:8-11         Orc: D:9-12

Altars:
Ashenzari
Cheibriados
Dithmenos
Elyvilon
Fedhas
Gozag
Hepliaklqana
Kikubaaqudgha
Makhleb
Nemelex Xobeh
Okawaru
Qazlal
Ru
Sif Muna
Trog
Uskayaw
Vehumet
Wu Jian
Xom
Yredelemnul
Zin
The Shining One

Shops:
D:6 ?   D:9 %

Annotations:
D:2 1 exclusion
D:6 exclusions: plant and 2 more exclusions


Innate Abilities, Weirdness & Mutations

You are resistant to damage.
You can heal yourself by infusing magical energy.
You passively map the area around you.
You do not regenerate.


Message History

* * * LOW HITPOINT WARNING * * *
The orc shouts!
You hit the yak but do no damage.
The yak is lightly wounded.
The yak misses you.
You hit the yak. You freeze the yak.
The yak is moderately wounded.
The yak gores you!
* * * LOW HITPOINT WARNING * * *
The yak gores you!
* * * LOW HITPOINT WARNING * * *
You fail to use your ability.
You block the yak's attack. The yak misses you.
Your magical essence is drained by the effort!
You feel much better. The yak gores you!
* * * LOW HITPOINT WARNING * * *
The yak gores you!
* * * LOW HITPOINT WARNING * * *
The orc priest mumbles some strange prayers to Beogh against you.
Beogh smites you!
You die...

## ,#..#####.## * ...
,* #.?.......### ** *
#.#.###.........>.###
*, ,
,....o.oo.#......... >
* # #o###.o.o.......#
* , #.
...#.#o#oY.....# * *
,###.###.#.#o#.......#
,
........Y.#.YYYY....#
** *
#.####...#######@.####
** , , ......#.##
#.......# .####.##
#...##### * #.# #...#
, # ##.# #...# * ** #
#..# #...# * * # #.##
#######...### ,, # #.#
##............ # #.#
#...†......... ,


You could see 5 yaks, an orc warrior, an orc priest and an orc.

Vanquished Creatures
  A troll (D:6)
  A spriggan (D:7)
  5 yaks
  2 water moccasins
  2 ice beasts
  2 sky beasts
  A necrophage (D:9)
  6 ogres
  A phantom (D:9)
  A centaur (D:10)
  4 bullfrogs
  2 scorpions
  A water moccasin skeleton (D:10)
  7 killer bees (D:10)
  3 wights (D:8)
  A quasit (D:8)
  A bullfrog zombie (D:10)
  2 jellies
  Crazy Yiuf (D:7)
  3 hounds
  3 orc priests
  8 orc wizards
  2 bullfrog skeletons
  2 centaur skeletons
  4 iguanas
  10 worker ants
  Ijyb (D:5)
  2 hound skeletons
  Robin (D:2)
  A worker ant zombie (D:9)
  10 adders
  2 river rats (D:6)
  2 oozes
  2 adder skeletons
  3 dart slugs
  5 leopard geckos
  23 orcs
  2 ball pythons
  6 giant cockroaches
  16 goblins
  12 hobgoblins
  11 jackals
  5 kobolds
  7 quokkas
  9 bats
  5 frilled lizards
  A leopard gecko skeleton (D:5)
  A leopard gecko zombie (D:5)
  11 rats
214 creatures vanquished.

Notes
Turn   | Place    | Note
-------+----------+-------------------------------------------
     0 | D:1      | marrkus the Deep Dwarf Fighter began the quest for the Orb.
     0 | D:1      | Reached XP level 1. HP: 20/20 MP: 1/1
   137 | D:1      | Reached XP level 2. HP: 21/27 MP: 2/2
   359 | D:1      | Reached skill level 3 in Maces & Flails
   674 | D:2      | Reached XP level 3. HP: 17/34 MP: 3/3
   759 | D:2      | Found an iron altar of Okawaru.
   875 | D:2      | Noticed Robin
   901 | D:2      | Killed Robin
   901 | D:2      | Reached XP level 4. HP: 15/42 MP: 4/4
   960 | D:2      | Reached skill level 4 in Maces & Flails
  1416 | D:3      | HP: 2/42 [orc wizard/puff of frost (2)]
  1461 | D:3      | Reached XP level 5. HP: 35/50 MP: 5/5
  2201 | D:4      | Reached skill level 5 in Maces & Flails
  2610 | D:4      | Reached XP level 6. HP: 21/57 MP: 6/6
  2648 | D:4      | HP: 2/57 [iguana (6)]
  2924 | D:4      | HP: 2/57 [phantom (5)]
  2962 | D:5      | Entered Level 5 of the Dungeon
  3189 | D:5      | Noticed a sky beast
  3341 | D:5      | Killed a sky beast
  3341 | D:5      | Reached skill level 6 in Maces & Flails
  3382 | D:5      | Reached XP level 7. HP: 15/66 MP: 7/7
  3430 | D:5      | HP: 2/66 [orc/flail (2)]
  3722 | D:5      | Found a staircase to the Ecumenical Temple.
  3735 | D:5      | Noticed Ijyb
  3737 | Temple   | Entered the Ecumenical Temple
  3926 | D:5      | Killed Ijyb
  4137 | D:5      | Reached skill level 5 in Fighting
  4300 | D:5      | Found a radiant altar of Vehumet.
  4386 | D:5      | Reached skill level 7 in Maces & Flails
  4567 | D:5      | Found a basalt altar of Yredelemnul.
  4567 | D:5      | Found an iron altar of Okawaru.
  4858 | D:6      | Found a shadowy altar of Dithmenos.
  5033 | D:6      | Found Foizaeg's Magic Scroll Emporium.
  5044 | D:6      | Found a glowing drain.
  5063 | Sewer    | Entered a sewer
  5112 | D:6      | Found a shattered altar of Ashenzari.
  5551 | D:6      | Reached XP level 8. HP: 26/75 MP: 5/5
  5589 | D:6      | Reached skill level 8 in Maces & Flails
  5698 | D:6      | Found a sacrificial altar of Ru.
  5723 | D:6      | Noticed a troll
  5727 | D:6      | Killed a troll
  6495 | D:7      | Reached skill level 9 in Maces & Flails
  6507 | D:7      | HP: 1/76 [iguana (8)]
  6614 | D:7      | Found a runed door.
  6619 | D:7      | Noticed Crazy Yiuf
  6622 | D:7      | Killed Crazy Yiuf
  7086 | D:7      | Found a white marble altar of Elyvilon.
  7093 | D:7      | Became a worshipper of Elyvilon the Healer
  7437 | D:9      | Gained mutation: You passively map the area around you.
                  | [Deep Dwarf growth]
  7437 | D:9      | Reached XP level 9. HP: 8/85 MP: 5/5
  7479 | D:9      | Reached skill level 10 in Maces & Flails
  7585 | D:8      | Reached skill level 1 in Dodging
  7848 | D:8      | Reached * piety under Elyvilon
  7873 | D:8      | Noticed an angel
  7874 | D:8      | Found a glowing silver altar of Zin.
  8145 | D:9      | HP: 3/86 [yak (15)]
  8171 | D:9      | Reached skill level 5 in Dodging
  8419 | D:8      | Reached skill level 1 in Invocations
  8465 | D:9      | Noticed a two-headed ogre
  8528 | D:9      | Found Kuodghem's Food Emporium.
  8690 | D:9      | Noticed a gargoyle
  8690 | D:9      | Noticed a gargoyle
  8705 | D:10     | Entered Level 10 of the Dungeon
  8730 | D:10     | Reached XP level 10. HP: 31/96 MP: 7/7
  8910 | D:10     | Reached ** piety under Elyvilon
  9049 | D:10     | HP: 3/96 [yak (5)]
  9053 | D:10     | Killed from afar by an orc priest

Skill      XL: |  1  2  3  4  5  6  7  8  9 10 |
---------------+-------------------------------+-----
Fighting       | 3 4 5 6 8 |  8.3
Maces & Flails | 3 4 5 6 7 9 10 | 10.1
Dodging        | 6 7 |  7.4
Invocations    | 1 3 |  3.1
Armour         | |  3.2
Shields        | |  3.2

Action                   |  1- 3 |  4- 6 |  7- 9 | 10-12 || total
-------------------------+-------+-------+-------+-------++-------
Melee: Flail             |   176 |    41 |       |       ||   217
       Short sword       |       |    36 |       |       ||    36
       Club              |       |   192 |   314 |       ||   506
       Mace              |       |       |   203 |    48 ||   251
Throw: Stone             |       |    34 |   109 |     3 ||   146
Invok: Lesser Healing    |       |       |     9 |     2 ||    11
 Abil: Heal Wounds       |       |     5 |    19 |     1 ||    25
Evoke: Wand              |       |       |    43 |     6 ||    49
  Use: Scroll            |       |     4 |       |       ||     4
 Stab: Distracted        |       |       |     1 |       ||     1
  Eat: Chunk             |       |     8 |    18 |     3 ||    29
Armor: Scale mail        |    73 |    50 |       |       ||   123
       Leather armour    |       |    27 |   130 |     5 ||   162
Dodge: Dodged            |    52 |    71 |   149 |    21 ||   293
Block: Shield            |   106 |   135 |   224 |    27 ||   492
